 Dungeon Crawl Stone Soup version 0.27-a0-346-ga689d4a613 (webtiles) character file.

28 Fanghorn the Grave Robber (level 2, 0/19 HPs)
             Began as a Mummy Necromancer on Jan 1, 2019.
             Shot with a stone by a goblin (7 damage)
             ... on level 2 of the Dungeon on Feb 15, 2021.
             The game lasted 00:07:04 (1245 turns).

Fanghorn the Grave Robber (Mummy Necromancer)       Turns: 1245, Time: 00:07:05

Health: 0/19       AC:  2    Str: 11    XL:     2   Next: 96%
Magic:  1/6        EV: 12    Int: 14    God:
Gold:   45         SH:  0    Dex: 12    Spells: 6/7 levels left

rFire    x . .     SeeInvis .   e - +0 spear
rCold    + . .     Faith    .   (no shield)
rNeg     + + +     Spirit   .   a - +0 robe
rPois    ∞         Reflect  .   (no helmet)
rElec    .         Harm     .   (no cloak)
rCorr    .         Rampage  .   (no gloves)
Will     .....                  (no boots)
Stlth    ++........             (no amulet)
HPRegen  0.06/turn              (no ring)
MPRegen  0.10/turn              (no ring)

@: no status effects
A: no potions, fire vulnerability, cold resistance 1, negative energy resistance
3, torment resistance, unbreathing
a: no special abilities


You were on level 2 of the Dungeon.
You visited 1 branch of the dungeon, and saw 2 of its levels.

You collected 45 gold pieces.

Inventory:

Hand Weapons
 d - a +0 short sword
 e - a +0 spear (weapon)
Armour
 a - a +0 robe (worn)
 c - a +0 leather armour
 g - a +0 leather armour
Jewellery
 h - an amulet of faith {unknown}
 i - a ring of ice {unknown}
Scrolls
 b - 4 scrolls of identify {unknown}
 f - a scroll of amnesia {unknown}
 j - a scroll of fear {unknown}


   Skills:
 + Level 1.5 Dodging
 + Level 1.5 Stealth
 * Level 3.2 Spellcasting
 * Level 4.7 Necromancy


You had 6 spell levels left.
You knew the following spells:

 Your Spells              Type           Power        Failure   Level
a - Pain                  Necr           60%          3%          1

Your spell library contained the following spells:

 Spells                   Type           Power        Failure   Level
 Animate Skeleton         Necr           30%          3%          1
 Vampiric Draining        Necr           7%           9%          3
 Animate Dead             Necr           7%           30%         4


Dungeon Overview and Level Annotations

Branches:
Dungeon (2/15)

Altars:


Innate Abilities, Weirdness & Mutations

You do not drink.
Your flesh is vulnerable to fire.
You are immune to poison.
Your flesh is cold resistant. (rC+)
You are immune to negative energy. (rN+++)
You are immune to unholy pain and torment.
You can survive without breathing.


Message History

A hobgoblin is nearby!
Casting: Pain (safe; 3% risk of failure)
Confirm with . or Enter, or press ? or * to list all spells.
Aiming: Pain (safe; 3% risk of failure)
Press: ? - help, Shift-Dir - straight line, f - hobgoblin
Aim: a hobgoblin, wielding a +0 club (wandering, hasn't noticed you, chance to affect: 85%)
The hobgoblin shouts!
The hobgoblin writhes in agony.
Casting: Pain (safe; 3% risk of failure)
Confirm with . or Enter, or press ? or * to list all spells.
You don't have enough magic to cast this spell.
Unknown command.
A goblin comes into view. It is wielding a +0 club.
You closely miss the hobgoblin.
The hobgoblin is lightly wounded.
The hobgoblin barely misses you.
The goblin shouts!
You hit the hobgoblin but do no damage.
The hobgoblin is lightly wounded.
The hobgoblin completely misses you.
The goblin unwields a +0 club.
The goblin wields a +0 hunting sling.
The goblin shoots a stone.
The stone misses you.
You hit the hobgoblin but do no damage.
The hobgoblin is lightly wounded.
The hobgoblin hits you with a +0 club.
You hit the hobgoblin.
The hobgoblin is severely wounded.
The hobgoblin barely misses you.
You barely miss the hobgoblin.
The hobgoblin is severely wounded.
The hobgoblin barely misses you.
You barely miss the hobgoblin.
The hobgoblin is severely wounded.
A quokka comes into view.
The hobgoblin misses you.
The goblin shoots a stone.
The stone hits you.
You closely miss the hobgoblin.
The hobgoblin is severely wounded.
The hobgoblin hits you with a +0 club.
The goblin shoots a stone.
The stone hits you!
You die...

## ### #.#######.#
#.........#
#....####.###########
#######.#
#............
........#
#############
######..# ..#
#.@####.# #.#
#.g.....#######.###
#...†..............
.g.......#..####.###
....)).###.# #.# #
#........# # #.# #
#...r....# #.###
#........# #...#
#......... >## ###.#


You could see a quokka (wandering), a hobgoblin and a goblin.

Vanquished Creatures
  A leopard gecko (D:2)
  A giant cockroach (D:1)
  3 goblins
  3 hobgoblins (D:1)
  2 jackals (D:1)
  3 kobolds (D:1)
  A quokka (D:2)
  7 bats (D:1)
  A frilled lizard (D:1)
  A rat (D:2)
23 creatures vanquished.

Notes
Turn   | Place    | Note
-------+----------+-------------------------------------------
     0 | D:1      | Fanghorn the Mummy Necromancer began the quest for the Orb.
     0 | D:1      | Reached XP level 1. HP: 13/13 MP: 4/4
   186 | D:1      | Reached XP level 2. HP: 6/19 MP: 1/5
   259 | D:1      | Upgraded the game from 0.23-a0-644-gb60d84b to
                  | 0.27-a0-346-ga689d4a613
  1245 | D:2      | Shot with a stone by a goblin

Illustrated notes

Levels and vault maps discovered:
D:1:      moated_graveyard_arrival
D:2:      layout_basic, led_sif_pool

Skill      XL: |  1  2 |
---------------+-------+-----
Spellcasting   | 3 |  3.2
Dodging        | |  1.5
Stealth        | |  1.5
Necromancy     | |  4.7

Action                   || total
-------------------------++-------
Melee: Spear             ||    39
 Cast: Pain              ||    33
Armor: Robe              ||    11
Dodge: Dodged            ||    33

Table legend: (Time is in decaauts)
 A = Elapsed time spent in this place.
 B = Non-inter-level travel time spent in this place.
 C = Inter-level travel time spent in this place.
 D = Time resting spent in this place.
 E = Time spent auto-exploring this place.
 F = Levels seen in this place.
 G = Mean time per level.
                   A        B        C        D        E       F      G
               +--------+--------+--------+--------+--------+-----+--------+
         Total |   1247 |   1247 |      0 |    273 |    637 |   2 |  623.5 |
       Dungeon |   1247 |   1247 |      0 |    273 |    637 |   2 |  623.5 |
               +--------+--------+--------+--------+--------+-----+--------+

Top non-repeatable levels by time:
     D:1: 682 daAuts
     D:2: 306 daAuts
Note: time per level data comes from an upgraded game and may be incomplete.
